 Dungeon Crawl Stone Soup version 0.31-a0-246-g8cbcc1cb85 (webtiles) character file.

Game seed: 6776038322511837852

218 dolemite99 the Ruffian (level 5, -2/57 HPs)
             Began as a Merfolk Shapeshifter on July 12, 2023.
             Was an Initiate of Ashenzari.
             Succumbed to an orc's poison
             ... on level 3 of the Dungeon.
             The game lasted 00:03:51 (2731 turns).

dolemite99 the Ruffian (Merfolk Shapeshifter)       Turns: 2731, Time: 00:03:52

Health: -2/57      AC: 22    Str: 17    XL:     5   Next: 95%
Magic:  5/5        EV:  2    Int:  7    God:    Ashenzari [......]
Gold:   135        SH:  0    Dex: 15    Spells: 4/4 levels left

rFire   . .          .
                       - Unarmed
rCold   . . .        (no shield)
rNeg    . . .        g - melded +0 scale mail
rPois   +            k - melded +1 helmet
rElec   .            (cloak currently unavailable)
rCorr   .            (gloves currently unavailable)
SInv    .            (boots currently unavailable)
Will    .....        (no amulet)
Stlth   +            (no ring)
HPRegen 0.29/turn    (no ring)
MPRegen 0.09/turn

%: no passive effects
@: lethally poisoned (-2 -> -12), tree-form
A: stationary, stasis, torment immunity, boosted hp, (nimble swimmer 2),
(mertail)
a: Renounce Religion


You were on level 3 of the Dungeon.
You worshipped Ashenzari.
Ashenzari was noncommittal.
You were a tree.
You visited 1 branch of the dungeon, and saw 5 of its levels.

You collected 168 gold pieces.
You spent 33 gold pieces at shops.

Inventory:

Missiles
 l - 4 boomerangs
Armour
 a - a +0 animal skin
 g - a +0 scale mail (melded)
 k - a +1 helmet (melded)
Magical Staves
 m - a staff of death
Talismans
 c - a beast talisman
 p - a granite talisman
Wands
 o - a wand of flame (6)
Scrolls
 e - 2 scrolls of poison
 i - a scroll of immolation
 j - 2 scrolls of vulnerability {unknown}
 n - a scroll of amnesia {unknown}
 q - a scroll of teleportation {unknown}
 r - a scroll of enchant armour {unknown}
 s - a scroll of identify {@r1}
Potions
 d - a potion of attraction {unknown}
 f - 3 potions of mutation
 h - a potion of curing


   Skills:
 - Level 2.1 Fighting
 - Level 2.6 Dodging
 + Level 5.7 Unarmed Combat
 + Level 5.1 Shapeshifting


You had 4 spell levels left.
You didn't know any spells.
Your spell library contained the following spells:

 Spells                   Type           Power      Damage    Failure   Level
 Stone Arrow              Conj/Erth      0%         3d7       80%         3
 Animate Armour           Summ/Erth      0%         N/A       99%         4
 Lehudib's Crystal Spear  Conj/Erth      0%         10d2      100%        8


Dungeon Overview and Level Annotations

Branches:
Dungeon (5/15)
 Temple: D:4-7

Altars:
Ashenzari
Fedhas
Vehumet

Shops:
D:2 ?!


Innate Abilities, Weirdness & Mutations

You are a tree.
Your roots penetrate the ground, keeping you stationary.
You cannot be teleported.
You are immune to unholy pain and torment.
Your maximum health is greatly increased.
Your equipment is partially melded.
You are immune to poison.
((You are very nimble when in or above water. (Stealth+, EV+, Speed+++)))
((Your lower body shifts to a powerful aquatic tail in water.))


Message History

There is a stone staircase leading down here.
Found a club.
No target in view!
An endoplasm comes into view.
An orc comes into view. It is wielding a +1 trident of venom.
Found a hand axe.
There are monsters nearby!
The endoplasm quivers.
Found a blossoming altar of Fedhas.
The orc shouts!
There are monsters nearby!
You punch the endoplasm!
You kill the endoplasm!
The orc hits you from afar with a +1 trident of venom.
You are too injured to fight recklessly!
You are too injured to fight recklessly!
You are too injured to fight recklessly!
Found a beast talisman.
The orc closely misses you.
You barely miss the orc. You punch the orc.
The orc is heavily wounded.
The orc hits you with a +1 trident of venom!
Ouch! That really hurt!
* * * LOW HITPOINT WARNING * * *
The orc barely misses you.
You are too injured to fight recklessly!
The orc closely misses you.
You are too injured to fight recklessly!
You are too injured to fight recklessly!
Really quaff the potion of lignification?
You revert to your normal fleshy form.
Your +0 scale mail unmelds from your body.
You turn into a tree.
Your +1 helmet melds into your body.
Your +0 scale mail melds into your body.
Your roots penetrate the ground.
The orc hits you but does no damage.
The orc hits you with a +1 trident of venom!
* * * LOW HITPOINT WARNING * * *
You are lethally poisoned!
You barely miss the orc.
The orc is heavily wounded.
You die...

#...# #.# .. #...#
#.###..### #...#
#.##...._# ###.##
#.##8..8 ....# #)##...
############.##.####
...................#
.############......####.
.......)........♣.....◑.
#############...o..#####
#...........
#.......###.. #
#.......# #######
#.####### ....... #.# #.
####### #.##. .## .#.#..


You could see an orc.

Vanquished Creatures
  A sleepcap (D:4)
  An orc wizard (D:4)
  7 adders
  A worm (D:2)
  3 dart slugs
  15 orcs (D:4)
  4 ball pythons
  5 bats
  9 endoplasms
  2 giant cockroaches (D:1)
  6 hobgoblins
  4 kobolds
  4 quokkas
  8 goblins
  4 rats
74 creatures vanquished.

Notes
Turn   | Place    | Note
-------+----------+-------------------------------------------
     0 | D:1      | dolemite99 the Merfolk Shapeshifter began the quest for the
                  | Orb.
     0 | D:1      | Reached XP level 1. HP: 16/16 MP: 1/1
    80 | D:1      | Reached XP level 2. HP: 21/22 MP: 2/2
   678 | D:2      | Reached XP level 3. HP: 26/27 MP: 3/3
  1182 | D:2      | Found Untau's Distillery.
  1190 | D:2      | Bought a potion of curing for 33 gold pieces
  1259 | D:2      | Found Potuineu's Magic Scroll Emporium.
  1516 | D:2      | Reached XP level 4. HP: 33/33 MP: 4/4
  1706 | D:2      | Found a faded altar of an unknown god.
  1708 | D:2      | Prayed at the altar of an unknown god.
  1708 | D:2      | Became a worshipper of Vehumet
  1708 | D:2      | Reached * piety under Vehumet
  1708 | D:2      | Offered knowledge of Sandblast by Vehumet.
  1938 | D:3      | You fall into a shaft and drop 2 floors!
  1938 | D:5      | Entered Level 5 of the Dungeon
  1962 | D:4      | Reached skill level 5 in Unarmed Combat
  2039 | D:4      | Reached XP level 5. HP: 33/38 MP: 5/5
  2049 | D:4      | Offered knowledge of Kiss of Death by Vehumet.
  2052 | D:4      | Reached ** piety under Vehumet
  2311 | D:4      | Found a broken altar of Ashenzari.
  2441 | D:4      | Fell from the grace of Vehumet
  2441 | D:4      | Became a worshipper of Ashenzari the Shackled
  2576 | D:4      | Reached skill level 5 in Shapeshifting
  2724 | D:3      | Found a blossoming altar of Fedhas.
  2730 | D:3      | HP: 1/57 [orc/+1 trident of venom (7)]
  2731 | D:3      | Succumbed to an orc's poison

Illustrated notes

Levels and vault maps discovered:
D:1:      sevenhm_arrival_forest_fort_large_4, layout_loops_ring,
          reono_crystal_passage
D:2:      layout_loops_ring, serial_shops, nicolae_shop_tiny_real_fake_doors,
          nicolae_shop_peninsula, chequers_ecumenical_altar_twisty
D:3:      layout_basic, minitemple, gup_sewer_entry_spiral
D:4:      layout_loops_ring, cheibrodos_ashenzari_chains
D:5:      layout_loops_ring, hellmonk_bongcloud_opening

Skill      XL: |  1  2  3  4  5 |
---------------+----------------+-----
Unarmed Combat | 3 4 5 |  5.7
Shapeshifting  | 5 |  5.1
Fighting       | |  2.1
Dodging        | |  2.6

Action                     |  1- 3 |  4- 6 || total
---------------------------+-------+-------++-------
  Melee: Unarmed           |    60 |    80 ||   140
         Punch             |     4 |     1 ||     5
    Use: Scroll            |       |     4 ||     4
         Potion            |       |     1 ||     1
 Armour: Animal skin       |     5 |       ||     5
         Scale mail        |     6 |    18 ||    24
         Skin              |       |    14 ||    14
  Dodge: Dodged            |    33 |    44 ||    77
   Form: Statue            |       |     1 ||     1

Table legend: (Time is in decaauts)
 A = Elapsed time spent in this place.
 B = Non-inter-level travel time spent in this place.
 C = Inter-level travel time spent in this place.
 D = Time resting spent in this place.
 E = Time spent auto-exploring this place.
 F = Levels seen in this place.
 G = Mean time per level.
                   A        B        C        D        E       F      G
               +--------+--------+--------+--------+--------+-----+--------+
         Total |   2940 |   2813 |    127 |    639 |   1551 |   5 |  588.0 |
       Dungeon |   2940 |   2813 |    127 |    639 |   1551 |   5 |  588.0 |
               +--------+--------+--------+--------+--------+-----+--------+

Top non-repeatable levels by time:
     D:2: 1086 daAuts
     D:4: 950 daAuts
     D:1: 659 daAuts
     D:3: 242 daAuts
     D:5: 1 daAuts
